 Dungeon Crawl Stone Soup version 0.22-a0-224-g8cf3520 (webtiles) character file.

7305 Amnesiac the Fetichist (level 10, -8/55 HPs)
             Began as a Spriggan Artificer on Feb 20, 2018.
             Was an Initiate of Gozag.
             Blown up by an orc warrior (21 damage)
             ... with a wand of disintegration (14)
             ... on level 11 of the Dungeon.
             The game lasted 00:40:21 (13721 turns).

Amnesiac the Fetichist (Spriggan Artificer)        Turns: 13721, Time: 00:40:22

Health: -8/55      AC: 10    Str: 11    XL:     10   Next: 90%
Magic:  22/22      EV: 29    Int: 13    God:    Gozag
Gold:   40         SH:  0    Dex: 17    Spells: 3/9 levels left

rFire    . . .     SeeInvis +   U - +7 quick blade (protect)
rCold    . . .     Gourm    .   (shield restricted)
rNeg     . . .     Faith    .   l - +0 robe
rPois    .         Spirit   .   (helmet restricted)
rElec    .         Reflect  .   F - +0 cloak
rCorr    .         Harm     .   (gloves unavailable)
MR       ++...                  (boots unavailable)
Stlth    ++........             T - amulet of the acrobat
HPRegen  0.18/turn              B - ring of protection from magic
MPRegen  0.18/turn              S - +1 ring of evasion

@: gold aura, protection aura, very quick
A: very small, unfitting armour, see invisible, herbivore, speed 3, slow
metabolism 2
a: Potion Petition, Call Merchant, Bribe Branch, Renounce Religion


You were on level 11 of the Dungeon.
You worshipped Gozag.
Gozag was noncommittal.
You were not hungry.

You visited 2 branches of the dungeon, and saw 12 of its levels.

You collected 1873 gold pieces.
You spent 1755 gold pieces at shops.
You paid 78 gold pieces to Gozag.

Inventory:

Hand Weapons
 a - a +3 quarterstaff of chaos
 b - a +0 blowgun
 d - a +0 quarterstaff
 m - a +0 hunting sling
 w - a +3 scimitar of flaming
 M - a +2 dagger of draining
 N - a +2 whip of venom
 U - a +7 quick blade of protection (weapon)
Missiles
 g - 44 poisoned needles
 j - 230 stones (quivered)
 k - 2 curare-tipped needles
 n - 8 needles of confusion
 y - 30 sling bullets
 D - a throwing net
 G - 195 arrows
Armour
 l - a +0 robe (worn)
 F - a +0 cloak (worn)
Magical Staves
 H - an uncursed staff of earth
Jewellery
 e - an uncursed amulet of regeneration
 f - an uncursed ring of protection from magic
 B - a ring of protection from magic (left hand)
 J - an uncursed ring of ice
 K - an uncursed ring of fire
 S - a +1 ring of evasion (right hand)
 T - an amulet of the acrobat (around neck)
Wands
 s - a wand of polymorph (15)
 L - a wand of acid (17)
 O - a wand of paralysis (44)
 R - a wand of enslavement (18)
Scrolls
 c - a scroll of vulnerability {!r}
 o - 2 scrolls of magic mapping {!r}
 q - 4 scrolls of amnesia {!r}
 t - 2 scrolls of noise {!r}
 u - 4 scrolls of teleportation {!r}
 v - 2 scrolls of enchant armour {!r}
 z - 3 scrolls of remove curse {!r}
 A - a scroll of fog {!r}
 E - a scroll of immolation {!r}
Potions
 h - 3 potions of curing {!q}
 i - 3 potions of flight {!q}
 p - 2 potions of haste {!q}
 r - a potion of cancellation {!q}
 C - 3 potions of lignification {!q}
 I - a potion of heal wounds {!q}
 Q - a potion of magic {!q, unknown}
Comestibles
 x - 12 rations


   Skills:
 + Level 7.0 Fighting
 - Level 1.1 Short Blades
 + Level 12.1 Dodging
 - Level 1.5 Stealth
 * Level 15.1 Evocations


You had 3 spell levels left.
You knew the following spells:

 Your Spells              Type           Power        Failure   Level  Hunger
a - Sticks to Snakes      Tmut           #.......     43%         2    ###....
b - Apportation           Tloc           #.....       30%         1    ##.....
c - Summon Small Mammal   Summ           #...         30%         1    ##.....
d - Beastly Appendage     Tmut           #.....       30%         1    ##.....
z - Confusing Touch       Hex            #.....       30%         1    ##.....


Dungeon Overview and Level Annotations

Branches:
Dungeon (11/15)            Temple (1/1) D:6             Orc (0/2) D:10
   Lair: D:8-11

Altars:
Ashenzari
Elyvilon
Gozag
Kikubaaqudgha
Makhleb
Qazlal
Sif Muna
Trog
Uskayaw
Vehumet
The Shining One
Beogh

Shops:
D:4 :   D:6 *   D:8 }   D:10 *   D:11 [


Innate Abilities, Weirdness & Mutations

You are very small and have problems with some larger weapons.
You are too small for most types of armour.
You have supernaturally acute eyesight. (SInv)
You are a herbivore.
You cover ground extremely quickly.
You need consume almost no food.


Message History

There is an open door here.
Evoke which item? (* to show all) (? for menu, Esc to quit)
Okay, then.
Evoke which item? (* to show all) (? for menu, Esc to quit)
Aiming: Paralyse
Press: ? - help, Shift-Dir - straight line, f - orc warrior
Aim: an orc warrior, wielding a short sword and wearing a chain mail (moderately wounded, chance to defeat MR: 79%)
The orc warrior suddenly stops moving!
The orc warrior shouts!
The helpless orc warrior fails to defend itself.
You hit the orc warrior.
Your weapon exudes an aura of protection.
The orc warrior is moderately wounded.
The helpless orc warrior fails to defend itself.
You hit the orc warrior.
The orc warrior is heavily wounded.
The helpless orc warrior fails to defend itself.
You hit the orc warrior.
The orc warrior is severely wounded.
The helpless orc warrior fails to defend itself.
You puncture the orc warrior!
You kill the orc warrior!
You puncture the orc!
You kill the orc!
Evoke which item? (* to show all) (? for menu, Esc to quit)
Aiming: Corrosive Bolt
Press: ? - help, Shift-Dir - straight line, f - orc warrior
Aim: an orc warrior, wielding a flail and wearing a runed plate armour The bolt of acid hits the orc warrior.
The orc warrior is splashed with acid.
The acid corrodes the orc warrior!
The orc warrior is heavily wounded.
The bolt of acid hits the orc warrior.
The orc warrior is splashed with acid.
The acid corrodes the orc warrior!
The orc warrior is heavily wounded.
The orc warrior throws a stone.
The stone closely misses you. The orc warrior barely misses you.
The orc warrior hits you with a flail!
* * * LOW HITPOINT WARNING * * *
Items here: ! $ )) [ 13 gold pieces; a whip; a short sword; a chain mail a glowing silvery potion {!q} You hit the orc warrior but do no damage.
The orc warrior is heavily wounded.
The orc is distracted by the nearby gold.
Evoke which item? (* to show all) (? for menu, Esc to quit)
Aiming: Corrosive Bolt
Press: ? - help, Shift-Dir - straight line, f/p - orc warrior
Aim: an orc warrior, wielding a flail and wearing a runed plate armour (heavily wounded, covered in acid)
The bolt of acid hits the orc warrior.
The orc warrior is splashed with acid.
The acid corrodes the orc warrior!
The orc warrior is almost dead.
The bolt of acid hits the orc warrior.
The orc warrior is splashed with acid.
The acid corrodes the orc warrior!
You kill the orc warrior!
The orc shouts!
You barely miss the orc warrior.
The orc warrior is almost dead.
The orc warrior misses you.
You hit the orc warrior but do no damage.
The orc warrior is almost dead.
The orc is no longer distracted by gold.
You hit the orc warrior but do no damage.
The orc warrior is almost dead.
The orc warrior zaps a wand.
You are blasted!
You die...

### ##.# ..# #..# ..# #.#
#.## ..# #####'### #.# ..#
#.......# ##'####### o.#
###.......# #........# ..#
#.$o...)..# ###........#
.o###o#o.....o####.'........+
o.#.o.#...)..ooo@.(#........#
_ooo###......o######........#
oo### ##'###### #........####
'## #.## #######.....# .#
#..# ##########.## ## ##.#
#.....∩.....# # #.#
#>..........# # #####.#####
#####...........# #
#..<#...#.###...'...........#


You could see an orc warrior and 4 orcs.

Vanquished Creatures
  Erica (D:8)
  A deep troll (D:8)
  A queen bee (D:8)
  3 trolls
  Grinder (D:5)
  2 hippogriffs
  4 yaks (D:9)
  The ghost of Amnesiac the Charlatan, an amateur SpAr (D:5)
  4 ice beasts
  2 sky beasts
  A black bear (D:7)
  6 orc warriors
  2 phantoms
  2 ogres
  2 centaurs
  3 bullfrogs
  A big kobold (D:8)
  A wyvern skeleton (D:9)
  2 scorpions
  10 killer bees
  2 howler monkeys (D:4)
  3 crimson imps
  A quasit (D:9)
  7 orc priests
  6 orc wizards
  2 hounds
  4 jellies
  2 iguanas
  6 worker ants
  A killer bee zombie (D:7)
  A hound skeleton (D:4)
  A worker ant zombie (D:10)
  5 gnolls
  7 adders
  A shadow imp (D:5)
  9 oozes (D:4)
  2 adder skeletons
  2 worms
  4 dart slugs
  8 leopard geckos
  46 orcs
  6 bats
  7 giant cockroaches
  5 goblins
  5 hobgoblins
  2 jackals (D:3)
  2 quokkas
  A ball python (D:4)
  2 frilled lizards
  A jackal skeleton (D:4)
  A jackal zombie (D:6)
  17 kobolds
  10 rats
229 creatures vanquished.

Vanquished Creatures (collateral kills)
  A phantom (D:8)
  A centaur (D:8)
  A crimson imp (D:6)
  A jelly (D:6)
  An orc wizard (D:8)
  A shadow imp (D:6)
  4 orcs (D:8)
  4 kobolds (D:8)
14 creatures vanquished.

Vanquished Creatures (others)
  An orc warrior (D:8)
  2 ogres
  2 killer bees (D:8)
  An orc wizard (D:8)
  An orc (D:8)
  2 fungi (D:4)
  9 toadstools (D:4)
18 creatures vanquished.

Grand Total: 261 creatures vanquished

Notes
Turn   | Place    | Note
-------+----------+-------------------------------------------
     0 | D:1      | Amnesiac the Spriggan Artificer began the quest for the Orb.
     0 | D:1      | Reached XP level 1. HP: 9/9 MP: 4/4
   158 | D:4      | Noticed a worker ant
   213 | D:4      | Noticed a howler monkey
   250 | D:4      | Reached skill level 1 in Fighting
   327 | D:4      | Reached XP level 2. HP: 13/14 MP: 6/6
   851 | D:4      | Killed a howler monkey
   851 | D:4      | Reached skill level 5 in Evocations
   851 | D:4      | Reached XP level 3. HP: 18/18 MP: 7/7
  1118 | D:4      | Reached XP level 4. HP: 23/23 MP: 9/9
  1177 | D:4      | Reached skill level 6 in Evocations
  1244 | D:4      | Found Cupeem's Book Boutique.
  1334 | D:4      | Reached XP level 5. HP: 26/26 MP: 10/10
  1648 | D:5      | Entered Level 5 of the Dungeon
  1648 | D:5      | Noticed a phantom
  1696 | D:4      | Killed a phantom
  1696 | D:4      | Reached skill level 5 in Dodging
  1962 | D:5      | Reached skill level 7 in Evocations
  1962 | D:5      | Reached XP level 6. HP: 24/32 MP: 12/12
  2325 | D:5      | Noticed Amnesiac's ghost (amateur SpAr)
  2330 | D:5      | Killed Amnesiac's ghost
  2330 | D:5      | Reached skill level 8 in Evocations
  2330 | D:5      | Reached XP level 7. HP: 36/36 MP: 12/14
  2347 | D:5      | Noticed Grinder
  2358 | D:5      | Paralysed by Grinder for 2 turns
  2405 | D:5      | Killed Grinder
  2510 | D:5      | Found a radiant altar of Vehumet.
  3360 | D:6      | Found a bloodstained altar of Trog.
  3404 | D:6      | Reached skill level 9 in Evocations
  4228 | D:6      | Found a staircase to the Ecumenical Temple.
  4237 | Temple   | Entered the Ecumenical Temple
  4257 | Temple   | Became a worshipper of Gozag Ym Sagoz the Greedy
  4520 | D:3      | Reached XP level 8. HP: 27/42 MP: 16/16
  5339 | D:2      | Found a runed door.
  5882 | D:2      | Found a burning altar of Makhleb.
  5882 | D:2      | Noticed a balrug
  5890 | D:2      | Noticed a hellwing
  5890 | D:2      | Noticed an orange demon
  6118 | D:2      | Noticed Crazy Yiuf
  6119 | D:2      | Noticed Crazy Yiuf
  6119 | D:2      | Crazy Yiuf changed into Crazy Yiuf the jelly
  6124 | D:2      | Killed Crazy Yiuf the jelly
  6864 | D:4      | Reached skill level 10 in Evocations
  7412 | D:4      | Found Cupeem's Book Boutique.
  7566 | D:6      | Found Axzux's General Store.
  7851 | D:6      | Found Axzux's General Store.
  7937 | D:6      | Found a staircase to the Ecumenical Temple.
  8025 | D:6      | Found a bloodstained altar of Trog.
  8295 | D:7      | Reached skill level 11 in Evocations
  8473 | D:4      | Learned a level 2 spell: Sticks to Snakes
  8556 | D:7      | Found a burning altar of Makhleb.
  8907 | D:8      | Noticed a two-headed ogre
  8908 | D:8      | Noticed a deep troll
  8908 | D:8      | a two-headed ogre changed into a deep troll
  9056 | D:8      | Reached XP level 9. HP: 27/46 MP: 18/18
  9209 | D:8      | Reached skill level 5 in Fighting
  9292 | D:8      | Learned a level 1 spell: Apportation
  9294 | D:8      | Learned a level 1 spell: Confusing Touch
  9296 | D:8      | Learned a level 1 spell: Summon Small Mammal
  9298 | D:8      | Learned a level 1 spell: Beastly Appendage
  9374 | D:8      | Noticed a queen bee
  9391 | D:8      | Killed a queen bee
  9391 | D:8      | Reached skill level 12 in Evocations
  9545 | D:8      | Found a bloodstained altar of Trog.
  9824 | D:7      | Reached skill level 10 in Dodging
  9969 | D:8      | Noticed Erica
 10650 | D:8      | Found Intaum's Gadget Emporium.
 10653 | D:8      | Bought a wand of acid (4) for 208 gold pieces
 10653 | D:8      | Bought a wand of paralysis (14) for 208 gold pieces
 10653 | D:8      | Bought a wand of random effects (16) for 117 gold pieces
 10653 | D:8      | Bought a wand of paralysis (18) for 260 gold pieces
 10653 | D:8      | Bought a wand of acid (7) for 286 gold pieces
 10708 | D:8      | Killed a deep troll
 10708 | D:8      | Reached skill level 13 in Evocations
 10985 | D:8      | Killed Erica
 10985 | D:8      | Reached XP level 10. HP: 53/53 MP: 19/21
 11200 | D:9      | Found a deep blue altar of Sif Muna.
 11553 | D:9      | Reached skill level 14 in Evocations
 12009 | D:10     | Entered Level 10 of the Dungeon
 12506 | D:10     | Found Iodumup's Incredible Inventory.
 12684 | D:10     | Found a staircase to the Orcish Mines.
 12866 | D:11     | Found a roughly hewn altar of Beogh.
 13039 | D:6      | Bought a +7 quick blade for 676 gold pieces
 13217 | D:11     | Found Xodghuik's Antique Armour Emporium.
 13256 | D:11     | Found an ancient bone altar of Kikubaaqudgha.
 13508 | D:11     | Reached skill level 15 in Evocations
 13721 | D:11     | Blown up by an orc warrior

Vault maps used:
D:1:      dpeg_arrival_rooms_with_view
D:2:      minmay_misc_feat_cross, st_stairs_3, makhleb_altar_promises_db,
          uniq_crazy_yiuf_cottage
D:4:      cheibrodos_fertilizer, first_ration, serial_shops, shop
D:5:      vehumet_altar_wand_db, uniq_grinder
D:6:      temple_hall, serial_shops, kennysheep_mini_moat, basic_altar,
          minivault_24
D:7:      basic_altar
D:8:      serial_shops, kennysheep_mini, special_room, david_nohive_1,
          trog_three_pillars_becter, uniq_erica
D:9:      nicolae_overflow_hidden_temple
D:10:     orc_0_dummy, serial_park_tiny_1, nicolae_alphabet_shops,
          hangedman_decor_opposing
D:11:     david_lair_shrubbed, serial_shops, shop, basic_altar
Temple:   regret_index_temple_chain_breaker

Skill      XL: |  1  2  3  4  5  6  7  8  9 10 |
---------------+-------------------------------+-----
Fighting       | 1 2 3 4 6 7 |  7.0
Evocations     | 5 6 7 8 9 11 13 15 | 15.1
Dodging        | 4 5 6 7 8 10 12 | 12.1
Short Blades   | |  1.1
Stealth        | |  1.5

Action                   |  1- 3 |  4- 6 |  7- 9 | 10-12 || total
-------------------------+-------+-------+-------+-------++-------
Melee: Short sword       |    60 |       |       |       ||    60
       Quarterstaff      |       |       |   519 |   161 ||   680
       Whip              |       |       |    41 |       ||    41
       Quick blade       |       |       |       |    61 ||    61
       Dagger            |       |       |       |    38 ||    38
 Fire: Blowgun           |    20 |    13 |    52 |       ||    85
       Hunting sling     |       |    81 |    90 |       ||   171
Evoke: Wand              |     4 |     9 |    68 |     9 ||    90
  Use: Scroll            |     2 |       |    14 |     1 ||    17
       Potion            |       |       |     1 |       ||     1
 Stab: Sleeping          |     2 |       |     3 |     3 ||     8
       Paralysed         |     2 |       |    10 |     7 ||    19
       Distracted        |       |       |     3 |     1 ||     4
       Confused          |       |       |     2 |       ||     2
       Petrified         |       |       |       |     6 ||     6
       Petrifying        |       |       |       |     3 ||     3
  Eat: Ration            |       |       |     6 |       ||     6
Armor: Robe              |     4 |     3 |    60 |    20 ||    87
       Skin              |       |       |    13 |       ||    13
Dodge: Dodged            |    48 |    45 |   853 |   325 ||  1271

Table legend:
 A = Spawn XP
 B = Non-spawn XP
 C = Spawn XP percentage of total XP
 D = Spawn monster count
 E = Non-spawn monster count
 F = Spawn count percentage of total count
 G = Total turns spent on level
                    A         B        C        D         E        F      G
               +---------+---------+-------+---------+---------+-------+---------
         Total |       0 |   10437 |   0.0 |       0 |     244 |   0.0 | 13721
               +---------+---------+-------+---------+---------+-------+---------
           D:1 |       0 |      50 |   0.0 |       0 |      22 |   0.0 |   588
           D:2 |       0 |     100 |   0.0 |       0 |      21 |   0.0 |  1126
           D:3 |       0 |      65 |   0.0 |       0 |      21 |   0.0 |   931
           D:4 |       0 |     545 |   0.0 |       0 |      32 |   0.0 |  2530
           D:5 |       0 |     791 |   0.0 |       0 |      24 |   0.0 |  1511
           D:6 |       0 |     461 |   0.0 |       0 |       9 |   0.0 |  1794
           D:7 |       0 |     641 |   0.0 |       0 |      11 |   0.0 |   523
           D:8 |       0 |    3492 |   0.0 |       0 |      53 |   0.0 |  2257
           D:9 |       0 |    2171 |   0.0 |       0 |      22 |   0.0 |  1023
          D:10 |       0 |    1282 |   0.0 |       0 |      16 |   0.0 |   747
          D:11 |       0 |     839 |   0.0 |       0 |      13 |   0.0 |   650
               +---------+---------+-------+---------+---------+-------+---------
